Map: Blackpink LE

Players

dant - Winner!

  • Race: Terran Terran
  • League: Platinum
  • Spawn Location: 7:00

badzergling

  • Race: Zerg Zerg
  • League: Platinum
  • Spawn Location: 1:00

VOD

Have the link to the VOD?

Description

Time

  • Played on: Nov. 30, 2017, 7:07 p.m.
  • Length: 14:19
Show
View Real Time Build Order
Export as new Build Order

dant Terran - Winner!

Build Orders: Bio Tank 

Get SALT Encoding   

  12  0:01  SCV  
  13  0:13  SCV  
  14  0:21  Supply Depot  
  14  0:25  SCV  
  15  0:30  Refinery  
  15  0:42  SCV  
  16  0:45  Barracks  
  16  0:54  SCV  
  17  1:06  SCV  
  18  1:19  SCV  
  19  1:31  SCV  
  19  1:32  Barracks Reactor  
  20  1:38  Command Center  
  20  1:45  Orbital Command  
  20  1:58  Barracks  
  20  2:09  Supply Depot, Marine  
  20  2:10  Marine  
  20  2:13  SCV  
  23  2:27  Factory  
  23  2:31  SCV  
  24  2:40  Marine  
  24  2:41  Marine  
  26  2:47  Refinery  
  26  2:48  Barracks Tech Lab  
  26  2:50  SCV  
  27  2:52  Orbital Command  
  27  2:58  Marine  
  27  3:02  SCV  
  27  3:04  Marine  
  30  3:11  Widow Mine  
  32  3:13  Marine  
  32  3:15  SCV  
  32  3:16  Marine  
  32  3:17  Stimpack  
  35  3:20  SCV  
  37  3:27  SCV  
  37  3:28  Supply Depot  
  37  3:29  Marine  
  37  3:32  SCV  
  37  3:33  Marine  
  40  3:39  SCV  
  41  3:43  Marine  
  41  3:44  SCV  
  41  3:47  Marine  
  44  3:50  Starport  
  44  3:51  SCV, Factory Reactor  
  45  3:57  Supply Depot  
  45  4:02  Marine x2  
  47  4:04  SCV  
  47  4:05  SCV  
  49  4:16  SCV  
  50  4:17  SCV  
  50  4:18  Marine  
  50  4:20  Supply Depot, Marine x2  
  54  4:28  SCV  
  54  4:29  SCV  
  56  4:38  Marine  
  56  4:39  Marine  
  56  4:40  SCV, Supply Depot  
  56  4:41  SCV  
  56  4:42  Supply Depot  
  56  4:44  Medivac  
  56  4:45  Factory Tech Lab  
  62  4:47  Medivac  
  64  4:53  SCV x2  
  64  4:55  Marine  
  64  4:56  Marine  
  64  4:59  Barracks  
  68  5:03  Marine  
  68  5:05  SCV, Supply Depot  
  70  5:08  Siege Tank  
  70  5:13  SCV, Marine  
  75  5:14  Marine  
  75  5:17  Combat Shields, SCV  
  77  5:21  Marine  
  78  5:31  Marine  
  78  5:33  SCV x2  
  78  5:35  Engineering Bay  
  81  5:42  Command Center  
  81  5:45  SCV  
  81  5:46  SCV, Marine x2  
  81  5:49  Marauder, Barracks Reactor  
  87  5:53  Medivac  
  89  5:58  SCV x2  
  89  6:01  Refinery  
  89  6:02  Engineering Bay  
  91  6:05  Refinery  
  91  6:06  Marine x2  
  91  6:10  SCV  
  94  6:18  SCV  
  94  6:24  Marauder  
  94  6:25  Marine  
  94  6:28  Marine  
  88  6:42  Marine x2  
  88  6:43  Marine  
  88  6:44  Siege Tank  
  88  6:46  Marauder  
  94  6:50  Marine  
  91  7:00  Marine x3  
  93  7:06  Marine  
  93  7:08  Marine  
  94  7:11  Planetary Fortress  
  94  7:12  Refinery  
  95  7:17  Siege Tank  
  95  7:18  Marine x3  
  95  7:19  Concussive Shells  
  101  7:23  Barracks  
  101  7:24  Barracks  
  101  7:25  Marauder  
  101  7:26  Marine  
  101  7:29  Supply Depot  
  104  7:36  SCV x2, Marine x3  
  109  7:50  Siege Tank, SCV x2, Marine  
  109  7:51  Marauder  
  117  7:52  Supply Depot  
  117  7:55  Terran Infantry Armor Level 1  
  117  7:57  Terran Infantry Weapons Level 1  
  117  8:14  Marauder, Barracks Reactor, SCV x2, Marine x4  
  117  8:15  Supply Depot  
  125  8:25  Barracks Tech Lab  
  125  8:26  Refinery  
  125  8:36  Armory  
  125  8:37  Siege Tank, SCV x2, Marauder  
  125  8:39  Supply Depot x2  
  113  8:59  Marauder  
  112  9:03  Supply Depot  
  112  9:08  Marauder, Marine  
  112  9:09  Marine x5  
  92  9:20  Marauder  
  94  9:26  Siege Tank, Supply Depot, Marine x2  
  94  9:27  Medivac x2, Marine x4  
  94  9:30  Marauder, Barracks  
  109  9:31  Barracks  
  109  9:41  Marauder  
  111  9:45  Marine x2  
  111  9:46  Marine x3  
  111  9:47  Command Center  
  111  9:49  Supply Depot  
  111  9:50  SCV x2  
  111  9:51  Marauder  
  120  9:57  Medivac  
  120  9:58  Siege Tank  
  125  10:02  SCV, Marine  
  125  10:03  Marauder, SCV, Marine  
  131  10:11  Marine  
  131  10:12  Marauder, Marine  
  131  10:13  Supply Depot, Marine  
  136  10:14  Marine  
  136  10:15  SCV x2  
  136  10:18  Terran Infantry Armor Level 2  
  139  10:22  Terran Infantry Weapons Level 2  
  139  10:24  Marauder  
  139  10:27  SCV  
  142  10:30  Siege Tank  
  142  10:32  Barracks Tech Lab  
  142  10:33  Liberator  
  142  10:34  Marauder  
  147  10:46  Marauder  
  147  10:47  Barracks Tech Lab  
  147  10:48  Marine x2  
  147  10:49  Marine x4  
  155  10:55  Marauder  
  160  10:59  Planetary Fortress  
  160  11:02  Siege Tank  
  162  11:06  Marine x3  
  162  11:07  Marauder  
  167  11:16  Marauder  
  169  11:28  Marauder  
  168  11:34  Marauder x2, Liberator x2  
  168  11:35  Marine x6  
  168  11:38  Marauder  
  180  11:40  Siege Tank  
  183  11:50  Marauder  
  183  11:52  Marine  
  183  11:53  Marine x4  
  196  12:03  Refinery  
  196  12:04  Refinery  
  196  12:07  Terran Vehicle Weapons Level 1, Supply Depot  
  196  12:12  Supply Depot  
  196  12:17  Liberator  
  196  12:25  Marauder  
  196  12:26  Marauder  
  196  12:27  Marauder x2, Siege Tank  
  181  12:37  Marine  
  182  12:46  Marauder  
  182  12:47  Marauder  
  182  12:48  Marauder  
  182  12:49  Marauder  
  190  12:54  Marine x2  
  190  12:55  Marine x4  
  175  12:59  Siege Tank  
  175  13:08  Marauder  
  175  13:09  Marauder  
  175  13:10  Marauder x2  
  175  13:12  Marine x3  
  181  13:13  Marine x2  
  185  13:29  Marauder  
  185  13:30  Marauder  
  185  13:31  Marauder, Siege Tank  
  185  13:32  Marauder  
  196  13:35  Marine x4  
Show
View Real Time Build Order
Export as new Build Order

badzergling Zerg 

Build Orders: Hatch First, Lurkers 

Get SALT Encoding   

  12  0:01  Drone  
  13  0:12  Drone  
  14  0:26  Overlord  
  14  0:32  Extractor, Drone  
  14  0:35  Extractor  
  14  0:36  Drone  
  16  0:45  Drone  
  16  0:48  Drone  
  18  1:01  Hatchery, Drone  
  19  1:11  Drone  
  19  1:19  Spawning Pool  
  19  1:20  Extractor  
  19  1:22  Drone  
  18  1:32  Drone  
  19  1:44  Overlord  
  19  1:54  Drone  
  20  2:06  Queen  
  20  2:07  Zergling x2  
  23  2:13  Drone  
  24  2:24  Drone  
  24  2:25  Drone  
  24  2:28  Queen  
  24  2:29  Overlord  
  28  2:42  Drone  
  28  2:43  Drone  
  30  2:44  Queen  
  30  2:50  Metabolic Boost  
  32  3:00  Drone x4  
  36  3:17  Drone x5  
  41  3:23  Lair  
  41  3:31  Hatchery  
  40  3:49  Overlord x3  
  40  3:53  Extractor x2  
  38  3:56  Evolution Chamber  
  38  3:58  Evolution Chamber  
  36  4:09  Drone x9  
  45  4:14  Queen  
  47  4:26  Hydralisk Den  
  47  4:29  Extractor, Queen  
  47  4:31  Overlord  
  47  4:32  Zergling x2  
  47  4:33  Zergling x10  
  53  4:39  Drone x3  
  53  4:44  Zerg Ground Armor Level 1  
  56  5:01  Queen x2  
  56  5:03  Overlord x2  
  60  5:16  Hydralisk x2, Muscular Augments  
  60  5:17  Hydralisk  
  60  5:19  Zergling x2  
  67  5:21  Drone  
  67  5:22  Drone  
  69  5:31  Queen  
  69  5:33  Drone x2  
  69  5:34  Drone  
  69  5:35  Drone  
  75  5:37  Drone  
  76  5:54  Zerg Missile Weapons Level 1  
  76  6:06  Overseer  
  74  6:24  Hydralisk x7  
  74  6:25  Hydralisk x2  
  74  6:41  Zergling x2  
  74  6:42  Zergling x14  
  80  6:52  Queen x2  
  82  7:01  Overlord x4  
  82  7:19  Queen  
  84  7:27  Queen, Hydralisk x9  
  104  7:40  Drone x3  
  107  7:58  Hydralisk x2  
  107  7:59  Hydralisk  
  107  8:01  Overlord x6  
  113  8:33  Zerg Ground Armor Level 2, Zerg Missile Weapons Level 2  
  113  8:47  Infestation Pit  
  86  9:04  Zergling x26  
  86  9:05  Zergling x8  
  91  9:12  Hydralisk x3  
  95  9:23  Queen x2  
  95  9:24  Queen  
  99  9:25  Zergling x6  
  99  9:31  Hatchery  
  103  10:03  Hive  
  103  10:04  Pneumatized Carapace  
  103  10:05  Burrow  
  103  10:08  Drone x10  
  113  10:29  Hatchery  
  113  10:30  Lurker Den  
  113  10:34  Baneling Nest  
  109  11:18  Hydralisk x5  
  109  11:19  Hydralisk x14  
  135  11:35  Hydralisk x8  
  135  11:39  Queen x4  
  159  11:42  Extractor  
  159  11:44  Extractor  
  157  11:47  Adrenal Glands  
  157  11:58  Drone x9  
  157  11:59  Drone x4  
  170  12:13  Hydralisk  
  170  12:14  Hydralisk x2  
  141  12:37  Lurker x5  
  141  12:42  Hydralisk  
  141  12:43  Hydralisk  
  150  12:45  Zergling x24  
  150  12:46  Zergling x4  
  132  13:05  Hydralisk x5  
  123  13:30  Hydralisk  
  123  13:31  Hydralisk x4  
  133  13:34  Queen  
  133  13:35  Zergling x18  
  133  13:36  Zergling x4  
Tags
 
Add a new tag
Caveats
  • Supply blocks, unpowered buildings, or Contaminate may cause inaccurate times.
  • Supply counts are checked every 10 seconds.